 Dungeon Crawl Stone Soup version 0.18.1-6-gd335043 (webtiles) character file.

768366 Etesian the Minotaur Barricade (level 25, 0/231 HPs)
             Began as a Minotaur Fighter on May 19, 2016.
             Was the Champion of Ru.
             Killed from afar by a black draconian (35 damage)
             ... with a bolt of lightning
             ... on level 5 of the Depths.
             The game lasted 04:57:12 (94915 turns).

Etesian the Minotaur Barricade (Minotaur Fighter)  Turns: 94915, Time: 04:57:13

Health: 0/231      AC: 42    Str: 37    XL:     25
Magic:  13/13      EV:  8    Int:  7    God:    Ru [******]
Gold:   6477       SH: 34    Dex: 20    Spells: 0 memorised, 24 levels left

rFire  + + +     SeeInvis +     a - +9 broad axe (freeze)
rCold  + + .     Gourm    .     n - +6 gold dragon armour
rNeg   + . .     Faith    .     P - +0 large shield
rPois  +         Spirit   .     o - +2 hat {SInv}
rElec  .         Dismiss  .     J - -1 cloak "Obushreg" {rN+ MR+ MP-9 Int+4} (curse)
rCorr  .         Reflect  +     l - +2 pair of gloves {Dex+3}
SustAt .         Harm     .     Z - +1 pair of boots {run}
MR     +++..                    T - +4 amulet of reflection
Stlth  ..........               S - ring "Fataskoata" {Fragile rF+ rC+ EV+2 Str+9}
                                Y - ring of Law {rF+ MR+ Dex+4}

@: quick, extremely resistant to hostile enchantments, extremely unstealthy
A: retaliatory headbutt, horns 2, yellow scales 1, dopey 1, frail 1, slow
regeneration 1, weak 1, hated by all, inability to train dodging, no earth
magic, no summoning magic, no transmutations magic, reduced AC 1, reduced EV 1,
inexperienced 1
a: Draw Out Power, Power Leap, Apocalypse, Renounce Religion
}: 6/15 runes: decaying, serpentine, slimy, silver, golden, abyssal


You were on level 5 of the Depths.
You worshipped Ru.
Ru was exalted by your worship.
You were not hungry.

You visited 15 branches of the dungeon, and saw 62 of its levels.
You visited the Abyss 2 times.
You visited 2 bazaars.
You also visited: Labyrinth, Ice Cave and Volcano.

You collected 8961 gold pieces.
You spent 2484 gold pieces at shops.

Inventory:

Hand Weapons
 a - a +9 broad axe of freezing (weapon)
 b - a +4 hand crossbow of freezing
Missiles
 z - 2631 bolts (quivered)
Armour
 l - a +2 pair of gloves of dexterity (worn)
 m - a +0 shadow dragon armour
 n - a +6 gold dragon armour (worn)
 o - a +2 hat of see invisible (worn)
 J - the cursed -1 cloak "Obushreg" (worn) {rN+ MR+ MP-9 Int+4}
   (You found it on level 3 of the Depths)

   It affects your intelligence (+4).
   It protects you from negative energy.
   It affects your resistance to hostile enchantments.
   It affects your magic capacity (-9).
   It has a curse placed upon it.
 P - a +0 large shield (worn)
 Z - a +1 pair of boots of running (worn)
Jewellery
 d - a +3 ring of slaying
 S - the ring "Fataskoata" (right hand) {Fragile rF+ rC+ EV+2 Str+9}
   (You found it on level 1 of the Abyss)

   [ring of evasion]

   It affects your evasion (+2).
   It affects your strength (+9).
   It protects you from fire.
   It protects you from cold.
   It will be destroyed if unequipped.
 T - a +4 amulet of reflection (around neck)
 U - the ring of Zado Kou {Fire rN+ Str+4 Int+4}
   (You bought it in a shop on level 2 of the Orcish Mines)

   [ring of fire]

   It enhances your fire magic, and weakens your ice magic.
   It affects your strength (+4).
   It affects your intelligence (+4).
   It protects you from fire.
   It makes you vulnerable to cold.
   It protects you from negative energy.
 Y - the ring of Law (left hand) {rF+ MR+ Dex+4}
   (You found it on level 5 of the Vaults)

   [ring of protection from magic]

   It affects your dexterity (+4).
   It protects you from fire.
   It affects your resistance to hostile enchantments.
Wands
 c - a wand of hasting (7/9)
 F - a wand of teleportation (9/9)
 N - a wand of disintegration (8/24)
Scrolls
 k - a scroll of brand weapon
 p - 19 scrolls of teleportation
 r - 12 scrolls of remove curse
 v - 7 scrolls of magic mapping
 w - a scroll of holy word
 y - 5 scrolls of recharging
 A - 6 scrolls of blinking
 E - a scroll of silence
 L - 5 scrolls of fog
 Q - 14 scrolls of fear
 R - 12 scrolls of identify
Potions
 e - 5 potions of berserk rage
 g - 17 potions of curing
 h - 2 potions of magic
 j - 5 potions of heal wounds
 u - 8 potions of agility
 x - 6 potions of lignification
 B - 3 potions of haste
 D - 18 potions of flight
 G - 3 potions of brilliance
 I - 5 potions of resistance
 K - 5 potions of cancellation
 M - 2 potions of might
 W - 3 potions of cure mutation
Miscellaneous
 q - an ornate deck of wonders {the Alchemist}
Comestibles
 f - 42 bread rations
 i - 9 meat rations
 s - 20 beef jerkies
 t - 24 fruits
 C - 4 chunks of flesh


   Skills:
 O Level 27 Fighting
 O Level 27 Axes
 + Level 22.4 Crossbows
 O Level 27 Armour
 O Level 27 Shields
 - Level 5.3 Unarmed Combat


You had 24 spell levels left.
You didn't know any spells.

Dungeon Overview and Level Annotations

Branches:
Dungeon (15/15)            Temple (1/1) D:7            Lair (8/8) D:9
  Swamp (4/4) Lair:6        Snake (4/4) Lair:5        Slime (6/6) Lair:6
    Orc (2/2) D:12            Elf (3/3) Orc:2        Vaults (5/5) D:14
  Crypt (3/3) Vaults:3       Tomb (3/3) Crypt:3      Depths (5/5) D:15
   Hell (1/1)                 Dis (0/7) Hell            Geh (1/7) Hell
    Coc (0/7) Hell            Tar (0/7) Hell            Zot (1/5) Depths:5

Altars:
Ashenzari
Cheibriados
Dithmenos
Elyvilon
Fedhas
Gozag
Kikubaaqudgha
Makhleb
Nemelex Xobeh
Okawaru
Pakellas
Qazlal
Ru
Sif Muna
Trog
Vehumet
Xom
Yredelemnul
Zin
The Shining One
Beogh
Jiyva
Lugonu

Shops:
D:8 %   D:9 ?   D:15 }   Orc:1 !   Orc:2 =(*[*   Snake:1 :   Snake:2 :
Snake:3 (   Vaults:1 =   Vaults:2 (=[}   Vaults:4 [   Vaults:5 *[}*
Depths:2 :=%%%   Depths:4 =

Portals:
Hell: Depths:1 Depths:2 Depths:3 Depths:4 Depths:5
Abyss: Depths:1 Depths:3 Depths:4 Depths:5
Pandemonium: Depths:3
Ziggurat: Depths:5
Trove: D:11 (give +3 shadow dragon armour)


Innate Abilities, Weirdness & Mutations

You reflexively headbutt those who attack you in melee.
You have a pair of horns on your head.
You are weak. (Str -2)
You are hated by all.
You cannot train Dodging skill.
You cannot study or cast Earth magic.
You cannot study or cast Summoning magic.
You cannot study or cast Transmutations magic.
You take slightly more damage. (AC -3)
You have somewhat slow reflexes. (EV -3)
You are somewhat inexperienced (-2 XL).
You are partially covered in yellow scales (AC +2).
You are dopey. (Int -2)
You are frail (-10% HP).
You regenerate slowly when monsters are visible.


Message History

You regained 2 hp, and now have 71/231 hp.
The black draconian breathes lightning at you.
The bolt of lightning hits you!
* * * LOW HITPOINT WARNING * * *
You focus your will and paralyse the black draconian in retribution!
You take 43 damage, and have 28/231 hp.
The black draconian is no longer paralysed.
Things that are here:
a chain mail; an enchanted glaive
Items here: ))) [ a chain mail; a battleaxe of flaming; an arbalest x2
Items here: )))) [[[[ Drink which item? (? for menu, Esc to quit)
Okay, then.
Read which item? (? for menu, Esc to quit)
As you read the scroll of fog, it crumbles to dust.
The scroll dissolves into smoke.
The black draconian breathes lightning at you.
The bolt of lightning hits you!
You die...

.##.#..##.########...###)..##
##....##........#...#####...#####
#..##.#.........##'##...##'##....
..##........######).........#####
#.#..##..##.# #...####...#
....##..###.# ##..# #...#
.##d#..## #.# #).# #...#####
##....#####.#######..####........
#......§§d§.....@................
.....§§§§§.§....####.............
.....§§§§.§§....# #.####...####.
.....§§§........# #.# #...# #.
......§.........# #.# #...# #.
................# #.# #...# #.
................# #.####...####.
................# #.............
################# ##############


You could see a black draconian.

Vanquished Creatures
  the Royal Jelly (Slime:6)
  2 ancient liches
  32 greater mummies
  Sojobo (Crypt:1)
  Frederick (Crypt:1)
  Geryon (Hell)
  3 caustic shrikes
  4 golden dragons
  Saint Roka (Depths:4)
  2 profane servitors
  5 bone dragons
  the Enchantress (Depths:3)
  A Brimstone Fiend (Geh:1)
  Xtahua (Depths:3)
  Jorgrun (Depths:1)
  8 liches
  The ghost of jesusflecha the Warrior, an adept MiFi of Okawaru (Vaults:1)
  6 tentacled monstrosities
  Asterion (Snake:1)
  18 acid blobs
  3 deep elf blademasters
  A titan (Vaults:5)
  Frances (Snake:2)
  Murray (Hell)
  9 sphinxes
  6 ancient champions
  3 tentacled starspawn
  Roxanne (Swamp:1)
  5 thorn hunters
  A draconian monk (Depths:5)
  10 tengu reavers
  4 storm dragons
  7 revenants
  5 shadow dragons
  Donald (Swamp:1)
  Maud (Lair:3)
  14 azure jellies
  8 fire giants
  14 greater nagas
  Aizul (Swamp:3)
  11 frost giants
  22 vault wardens
  A cacodemon (Abyss:3)
  2 draconian zealots (Zot:1)
  6 curse skulls
  8 deep elf sorcerers
  10 ghouls
  2 orc warlords (Orc:2)
  2 iron dragons
  2 draconian shifters (Zot:1)
  A deep elf elementalist (Vaults:5)
  3 balrugs
  2 reapers (Hell)
  6 spriggan defenders (Depths:3)
  4 draconian annihilators (Zot:1)
  32 very ugly things
  2 juggernaut skeletons
  2 draconian callers (Zot:1)
  6 caustic shrike skeletons (Depths:3)
  13 ironheart preservers
  13 stone giants
  5 green draconians
  4 bennus (Tomb:2)
  8 deep elf annihilators
  7 vampire knights
  A dire elephant (Abyss:3)
  3 salamander stormcallers (Hell)
  A purple draconian (Depths:5)
  A yellow draconian (Zot:1)
  6 deep elf demonologists
  3 white draconians
  A spark wasp (Depths:4)
  5 eidola
  2 blizzard demons (Hell)
  14 ettins
  26 mummy priests
  11 death oozes (Slime:6)
  9 deep elf death magi
  A minotaur (Lab)
  2 crystal guardians (Vaults:4)
  A green death (Hell)
  18 great orbs of eyes
  10 deep elf high priests
  26 vault guards
  6 fire dragons
  11 jiangshi
  23 yaktaur captains
  A fire dragon (shapeshifter) (Depths:1)
  18 small abominations
  A spectral shadow dragon (Crypt:1)
  12 ice dragons
  8 rakshasas
  5 entropy weavers
  28 naga warriors
  4 spriggan air magi (Depths:3)
  9 centaur warriors
  A kraken zombie (Hell)
  A catoblepas (Lair:8)
  20 hydras
  13 anacondas
  3 death knights
  An anaconda (shapeshifter) (Vaults:5)
  10 tengu warriors
  11 deep troll shamans
  3 ghost crabs
  8 alligators
  32 dancing weapons
  5 death yaks (Depths:3)
  12 deep troll earth magi
  10 vampire magi
  2 shock serpents (shapeshifter) (Vaults:5)
  16 deep elf knights
  13 ogre magi
  20 naga sharpshooters
  4 orc high priests (Orc:2)
  8 sun demons
  6 thrashing horrors
  9 spriggan berserkers
  4 hell hogs
  2 shock serpents (Snake:4)
  18 large abominations
  16 soul eaters
  2 fire crabs
  4 iron trolls
  24 hell knights
  2 wretched stars
  2 shadow wraiths
  19 skeletal warriors
  An iron golem (Hell)
  8 wizards
  A storm dragon zombie (Crypt:2)
  A fire crab (shapeshifter) (D:15)
  3 salamander mystics
  A death drake (shapeshifter) (Vaults:4)
  27 death scarabs
  A spatial maelstrom (Abyss:1)
  A golden dragon zombie (Depths:3)
  2 giant orange brains
  35 deep trolls
  An unseen horror (D:11)
  4 shambling mangroves
  12 swamp dragons
  5 flayed ghosts
  7 naga ritualists
  2 anaconda skeletons
  A golden dragon skeleton (Crypt:3)
  11 ironbrand convokers
  A shadow dragon zombie (Crypt:1)
  15 deep elf archers
  2 harpies (shapeshifter)
  82 deep elf magi
  18 necromancers
  4 phantasmal warriors
  A hill giant (Vaults:1)
  9 mana vipers
  34 anubis guards
  Pikel (D:4)
  13 orc knights
  2 tengu zombies (Vaults:5)
  9 harpies
  17 salamanders
  2 wolf spider zombies
  An oklob plant (D:13)
  8 orc sorcerers
  3 iron dragon zombies
  45 ugly things
  A mana viper (shapeshifter) (Vaults:5)
  3 frost giant zombies
  5 starcursed masses (Abyss:2)
  6 cyclopes
  11 griffons
  A fire giant zombie (Crypt:1)
  A hornet (Vaults:2)
  5 shining eyes
  A manticore (Depths:3)
  39 black mambas
  4 centaur zombies
  3 wolf spiders
  3 shadow dragon skeletons
  2 stone giant zombies
  A frost giant skeleton (Crypt:2)
  A fire giant skeleton (Tomb:1)
  3 stone giant skeletons
  2 ice statues (Hell)
  11 elephants
  2 moths of wrath (Zot:1)
  31 naga magi
  A water nymph (shapeshifter) (Vaults:5)
  An apocalypse crab (Abyss:2)
  4 rust devils (Hell)
  2 water nymphs (Abyss:3)
  17 vault sentinels
  A gargoyle (D:13)
  9 guardian serpents
  7 smoke demons
  3 eyes of devastation
  A molten gargoyle (Hell)
  8 orange demons
  2 hellions
  28 spiny frogs
  3 rime drakes
  A yaktaur zombie (D:15)
  An efreet (D:13)
  61 yaktaurs
  An emperor scorpion zombie (Crypt:3)
  7 komodo dragons
  A purple draconian zombie (Crypt:1)
  An alligator snapping turtle skeleton (Crypt:3)
  2 ice devils
  2 demonic crawlers
  A mottled draconian zombie (Crypt:2)
  15 freezing wraiths
  A komodo dragon (shapeshifter) (Vaults:1)
  10 spriggan druids
  2 hellwings
  A tormentor (Geh:1)
  A pale draconian skeleton (Crypt:1)
  3 ancient zymes
  2 redback zombies
  37 guardian mummies
  A queen bee (shapeshifter) (Vaults:4)
  2 jumping spiders
  7 trolls
  3 trolls (shapeshifter)
  2 harpy zombies
  4 red devils
  9 tengu conjurers
  A silent spectre (Abyss:2)
  A hydra zombie (Hell)
  A moth of wrath zombie (Crypt:1)
  5 polar bears
  A jumping spider (shapeshifter) (D:14)
  4 giant leeches
  A harpy skeleton (Tomb:3)
  19 two-headed ogres
  A hornet zombie (D:15)
  20 blink frogs
  5 boulder beetles
  3 human simulacra
  4 raiju
  7 bog bodies
  71 slime creatures
  10 ushabtiu
  2 elf zombies
  An ettin zombie (Crypt:1)
  An ice dragon zombie (Crypt:1)
  A snapping turtle (shapeshifter) (Vaults:5)
  18 flying skulls
  An air elemental (Elf:2)
  A stone giant simulacrum (Crypt:3)
  A fire dragon skeleton (Tomb:1)
  4 shadows
  6 water elementals
  3 tarantellas
  2 centaur simulacra
  16 redbacks
  2 vampires
  An alligator skeleton (Hell)
  Sigmund (D:2)
  8 wraiths
  3 ettin skeletons
  3 ynoxinuls
  10 wyverns
  64 spriggans
  11 fire elementals
  A human (shapeshifter) (Elf:2)
  Grum (D:10)
  9 basilisks
  2 hogs (shapeshifter) (Depths:1)
  64 yaks
  11 hippogriffs
  A hungry ghost (D:10)
  2 steam dragons (Volcano)
  A golden eye (Abyss:3)
  44 vampire mosquitoes
  5 neqoxecs
  10 wargs
  A wind drake skeleton (Crypt:2)
  2 chaos spawn (Abyss:2)
  2 spatial vortices (Abyss:1)
  An infernal demonspawn zombie (Crypt:2)
  A hill giant skeleton (Crypt:2)
  8 mottled dragons
  3 human zombies
  24 swamp worms
  A hydra simulacrum (Crypt:2)
  94 nagas
  A giant eyeball (Depths:4)
  5 hell hounds
  19 water moccasins
  53 orc warriors
  12 porcupines
  5 ice beasts
  2 spiny frog skeletons
  14 swamp drakes
  A black bear (D:9)
  An alligator simulacrum (Hell)
  6 eyes of draining
  4 sky beasts
  4 slaves (D:4)
  4 eyes of draining (shapeshifter)
  7 necrophages
  A torturous demonspawn skeleton (Crypt:3)
  42 wasps
  51 ogres
  4 phantoms
  7 boggarts
  2 ettin simulacra
  19 wolves
  17 centaurs
  A swamp dragon skeleton (Abyss:1)
  A rime drake zombie (Crypt:3)
  26 crocodiles
  A big kobold (D:7)
  2 wyvern zombies
  2 earth elementals
  30 giant frogs
  A gnoll sergeant (D:9)
  An elf skeleton (Crypt:1)
  A yaktaur skeleton (Crypt:3)
  2 scorpions
  A water moccasin skeleton (D:8)
  A warg skeleton (Crypt:3)
  2 spriggan zombies
  2 troll skeletons (Lab)
  4 killer bees (D:8)
  A yak skeleton (Crypt:1)
  6 electric eels
  2 howler monkeys
  A spriggan skeleton (Lab)
  3 vampire bats
  18 wights
  9 crimson imps
  A quasit (Abyss:2)
  2 wasp zombies
  3 giant frog zombies
  A demonspawn zombie (Crypt:1)
  12 jellies
  10 hounds
  28 orc priests
  3 iron imps
  5 centaur skeletons
  5 giant frog skeletons
  Ijyb (D:2)
  A hell rat (D:6)
  11 iguanas
  A porcupine zombie (Crypt:1)
  A black bear skeleton (Crypt:1)
  26 orc wizards
  20 worker ants
  14 sheep
  2 naga zombies
  An ogre skeleton (Lab)
  A tengu skeleton (Crypt:2)
  A hound zombie (D:7)
  53 mummies
  A worker ant zombie (D:11)
  10 gnolls
  63 river rats
  17 adders
  A shadow imp (D:5)
  14 white imps
  An ufetubus (Abyss:3)
  An adder skeleton (D:9)
  4 worms
  2 dart slugs (D:1)
  12 fire bats
  6 giant geckos
  137 orcs
  2 spectral bats (D:3)
  3 bat skeletons (D:3)
  A bat zombie (D:3)
  5 giant cockroaches
  8 goblins
  2 hobgoblins
  8 jackals
  6 quokkas
  3 ball pythons
  22 bats
  A bat simulacrum (D:3)
  A giant gecko zombie (D:5)
  3 giant newts
  A giant newt skeleton (Crypt:3)
  25 kobolds
  A quokka skeleton (D:6)
  34 rats
  5 crawling corpses
  7 fungi
  A lost soul (Crypt:2)
  3 lurking horrors
  20 plants
  A spectral weapon (Snake:1)
  13 starspawn tentacles
  A withered plant (D:15)
3371 creatures vanquished.

Vanquished Creatures (others)
  A caustic shrike (Depths:5)
  A tentacled monstrosity (Vaults:5)
  A lich (Tomb:3)
  A deep elf blademaster (Elf:3)
  2 deep elf master archers (Elf:3)
  An acid blob (Slime:6)
  A tentacled starspawn (Abyss:1)
  A draconian monk (Depths:5)
  A revenant (Tomb:2)
  An azure jelly (Slime:6)
  A greater naga (Snake:2)
  A frost giant (Vaults:4)
  An iron dragon (shapeshifter) (Vaults:4)
  A deep elf elementalist (Elf:3)
  2 ironheart preservers
  2 stone giants
  A draconian annihilator (Depths:5)
  A deep elf demonologist (Elf:3)
  3 ettins
  2 vault guards (Vaults:5)
  2 yaktaur captains (Vaults:5)
  2 hydras
  A naga warrior (Snake:3)
  2 dancing weapons (Elf:2)
  An ogre mage (Depths:3)
  An alligator (Swamp:2)
  A tengu warrior (Depths:2)
  8 naga sharpshooters
  A deep elf knight (Elf:1)
  2 titan skeletons
  39 death scarabs
  A skeletal warrior (Tomb:2)
  A deep troll (Depths:4)
  A tengu zombie (Vaults:5)
  An orc knight (Vaults:4)
  2 anubis guards (Tomb:2)
  An anubis guard (shapeshifter) (Vaults:4)
  An anaconda skeleton (Tomb:2)
  An ugly thing (Vaults:4)
  A mana viper (Snake:1)
  3 cyclopes
  An elephant (Lair:5)
  A guardian serpent (Snake:2)
  2 naga magi
  A spiny frog (Lair:4)
  A black mamba (Snake:4)
  13 yaktaurs
  A komodo dragon (Lair:8)
  2 guardian mummies
  A troll (Orc:2)
  A polar bear (IceCv)
  A two-headed ogre (Orc:2)
  A slime creature (Slime:6)
  An ettin skeleton (Tomb:2)
  10 flying skulls
  A black mamba zombie (Tomb:2)
  A fire dragon skeleton (Tomb:2)
  A yak (IceCv)
  A wyvern (Lair:7)
  A water elemental (Hell)
  A fire elemental (Elf:3)
  A black mamba skeleton (Tomb:2)
  2 steam dragons (Volcano)
  A vampire mosquito (Swamp:1)
  A warg (Vaults:3)
  3 nagas (Snake:4)
  A swamp worm (Swamp:3)
  A water moccasin (Lair:8)
  A spiny frog zombie (Tomb:2)
  A swamp drake (Swamp:3)
  An ogre (Vaults:5)
  2 wolves
  A centaur (D:12)
  A crocodile (Volcano)
  A giant frog (Lair:7)
  An orc wizard (Depths:4)
  2 mummies (Tomb:2)
  An adder (D:6)
  2 orcs
  2 bushes (Depths:3)
  17 fungi
  3 lost souls
  A lurking horror (Abyss:1)
  20 plants
  5 starspawn tentacles (Abyss:3)
  373 starspawn tentacle segments
  4 tentacles (Hell)
  144 tentacle segments (Hell)
  A withered plant (D:15)
736 creatures vanquished.

Grand Total: 4107 creatures vanquished

Notes
Turn   | Place    | Note
--------------------------------------------------------------
     0 | D:1      | Etesian the Minotaur Fighter began the quest for the Orb.
     0 | D:1      | Reached XP level 1. HP: 19/19 MP: 0/0
   347 | D:1      | Reached XP level 2. HP: 14/27 MP: 1/1
  1003 | D:2      | Noticed Ijyb
  1021 | D:2      | Killed Ijyb
  1021 | D:2      | Reached XP level 3. HP: 19/33 MP: 2/2
  1365 | D:2      | Noticed Sigmund
  1375 | D:2      | Killed Sigmund
  1375 | D:2      | Reached XP level 4. HP: 41/41 MP: 3/3
  1375 | D:2      | Reached XP level 5. HP: 47/47 MP: 4/4
  1703 | D:3      | Reached skill level 5 in Axes
  1727 | D:3      | Found a snail-covered altar of Cheibriados.
  1836 | D:3      | Reached skill level 5 in Shields
  1886 | D:3      | Reached XP level 6. HP: 53/53 MP: 5/5
  2101 | D:3      | Reached skill level 5 in Armour
  2157 | D:3      | Reached skill level 5 in Fighting
  2366 | D:4      | Noticed a slave
  2368 | D:4      | Noticed Pikel
  2368 | D:4      | Noticed a slave
  2369 | D:4      | Noticed a slave
  2388 | D:4      | Killed a slave
  2390 | D:4      | Killed a slave
  2397 | D:4      | Killed Pikel
  2397 | D:4      | Reached XP level 7. HP: 38/62 MP: 6/6
  2819 | D:4      | Reached XP level 8. HP: 62/70 MP: 7/7
  3091 | D:5      | Entered Level 5 of the Dungeon
  4011 | D:6      | Found a stormy altar of Qazlal.
  4068 | D:6      | Reached XP level 9. HP: 79/79 MP: 8/8
  4085 | D:6      | Got an ichor-stained chain mail
  4096 | D:6      | Identified the +4 chain mail of Viotiel {rElec} (You found it on level 6 of the Dungeon)
  4805 | D:7      | Found a staircase to the Ecumenical Temple.
  4809 | Temple   | Entered the Ecumenical Temple
  4903 | Temple   | Became a worshipper of Ru the Awakened
  5086 | D:7      | Reached skill level 10 in Axes
  6104 | D:8      | Found Ofyfogaw's Food Boutique.
  6111 | D:8      | Gained mutation: You cannot study or cast Earth magic. [Ru sacrifice]
  6111 | D:8      | Gained mutation: You cannot study or cast Transmutations magic. [Ru sacrifice]
  6111 | D:8      | Gained mutation: You cannot study or cast Summoning magic. [Ru sacrifice]
  6111 | D:8      | Reached * piety under Ru
  6745 | D:8      | Found a bloodstained altar of Trog.
  6829 | D:9      | Found Fietijah's Magic Scroll Shoppe.
  6834 | D:9      | Bought a scroll of teleportation for 45 gold pieces
  6834 | D:9      | Bought a scroll of teleportation for 45 gold pieces
  6834 | D:9      | Bought a scroll of identify for 30 gold pieces
  6834 | D:9      | Bought a scroll of identify for 30 gold pieces
  6880 | D:9      | Reached XP level 10. HP: 77/90 MP: 9/9
  7148 | D:9      | Noticed an elephant
  7160 | D:9      | Killed an elephant
  7372 | D:9      | Found a staircase to the Lair.
  7865 | D:9      | Found a basalt altar of Yredelemnul.
  7953 | D:10     | Entered Level 10 of the Dungeon
  7964 | D:10     | Found a shadowy altar of Dithmenos.
  7986 | D:10     | Noticed a deep elf mage
  7995 | D:10     | Killed a deep elf mage
  8341 | D:10     | Gained mutation: You cannot train Dodging skill. [Ru sacrifice]
  8341 | D:10     | Reached ** piety under Ru
  8356 | D:10     | Noticed a brown ugly thing
  8366 | D:10     | Killed a brown ugly thing
  8597 | D:10     | Noticed Grum
  8604 | D:10     | Killed Grum
  8612 | D:10     | Reached XP level 11. HP: 81/99 MP: 10/10
  8643 | D:10     | Reached skill level 10 in Armour
  8895 | Lair:1   | Entered Level 1 of the Lair of Beasts
  8918 | Lair:1   | Reached skill level 10 in Shields
  8965 | Lair:1   | Got a fine ring mail
  8976 | Lair:1   | Identified the +1 ring mail "Nimpih" {rElec rC++ rN+ Str-2} (You found it on level 1 of the Lair of Beasts)
  9058 | Lair:1   | Reached skill level 10 in Fighting
 10082 | Lair:2   | Identified the Disquisition on the Frostbite and the Oath
 10143 | Lair:2   | Gained mutation: You are somewhat inexperienced (-2 XL). [Ru sacrifice]
 10143 | Lair:2   | Reached XP level 10. HP: 94/94 MP: 9/9
 10143 | Lair:2   | Reached XP level 9. HP: 86/86 MP: 8/8
 10143 | Lair:2   | Reached *** piety under Ru
 10145 | Lair:2   | Noticed a spiny frog
 10150 | Lair:2   | Killed a spiny frog
 10245 | Lair:2   | Reached XP level 10. HP: 57/94 MP: 9/9
 10915 | Lair:3   | Noticed a black mamba
 10921 | Lair:3   | Killed a black mamba
 11002 | Lair:3   | Found a frozen archway.
 11061 | IceCv    | Entered an ice cave
 11074 | IceCv    | Reached skill level 15 in Axes
 11863 | Lair:3   | Reached XP level 11. HP: 84/101 MP: 10/10
 11901 | Lair:3   | Gained mutation: You take slightly more damage. (AC -3) [Ru sacrifice]
 11901 | Lair:3   | Reached **** piety under Ru
 11917 | Lair:3   | Noticed Maud
 11942 | Lair:3   | Killed Maud
 12160 | Lair:3   | Reached skill level 1 in Crossbows
 12726 | Lair:4   | Noticed a six-headed hydra
 12734 | Lair:4   | Killed a six-headed hydra
 12937 | Lair:4   | Noticed an eight-headed hydra
 12947 | Lair:4   | Killed an eight-headed hydra
 13464 | Lair:4   | Reached skill level 5 in Crossbows
 13708 | Lair:4   | Reached XP level 12. HP: 106/110 MP: 11/11
 13927 | Lair:5   | Found a staircase to the Snake Pit.
 14172 | Lair:5   | Gained mutation: You are weak. (Str -2) [Ru sacrifice]
 14172 | Lair:5   | Reached ***** piety under Ru
 14314 | Lair:5   | Noticed a five-headed hydra
 14322 | Lair:5   | Killed a five-headed hydra
 15250 | Lair:6   | Found a viscous altar of Jiyva.
 15250 | Lair:6   | Found a staircase to the Slime Pits.
 15440 | Lair:6   | Gained mutation: You are hated by all. [Ru sacrifice]
 16122 | Lair:6   | Gained mutation: You possess an exceptional clarity of mind. [potion of beneficial mutation]
 16123 | Lair:6   | Gained mutation: You are partially covered in yellow scales (AC +2). [potion of beneficial mutation]
 16258 | Lair:6   | Found a staircase to the Swamp.
 16485 | Lair:6   | Reached XP level 13. HP: 90/118 MP: 12/12
 17448 | Lair:8   | Entered Level 8 of the Lair of Beasts
 18638 | Lair:8   | Reached skill level 10 in Crossbows
 18813 | Lair:8   | Got a transparent scimitar
 18814 | Lair:8   | Identified the +5 scimitar of Insufficient Pleasure {slice, rElec rPois rF+} (You found it on level 8 of the Lair of Beasts)
 19920 | D:11     | Reached XP level 14. HP: 127/127 MP: 2/13
 20496 | D:11     | Gained mutation: You have somewhat slow reflexes. (EV -3) [Ru sacrifice]
 20496 | D:11     | Reached ****** piety under Ru
 20618 | D:11     | Found a portal to a secret trove of treasure.
 21097 | D:12     | Found a sacrificial altar of Ru.
 21841 | D:12     | Found a roughly hewn altar of Beogh.
 21849 | D:12     | Found a staircase to the Orcish Mines.
 21994 | Orc:1    | Entered Level 1 of the Orcish Mines
 22125 | Orc:2    | Entered Level 2 of the Orcish Mines
 22137 | Orc:2    | Found a dark tunnel.
 22159 | Volcano  | Entered a volcano
 22514 | Orc:2    | Found a staircase to the Elven Halls.
 22559 | Orc:2    | Found Upokhaw's General Store.
 22698 | Orc:2    | Found Hidust's Antique Armour Emporium.
 22768 | Orc:2    | Found an iron altar of Okawaru.
 22795 | Orc:2    | Noticed an orc warlord
 22903 | Orc:2    | Killed an orc warlord
 22966 | Orc:2    | Found Buduvaf's General Store.
 23409 | Orc:2    | Found Nippos's Antique Weapon Shop.
 23619 | Orc:2    | Noticed an orc warlord
 23647 | Orc:2    | Killed an orc warlord
 24039 | Orc:2    | Found Laolam's Jewellery Shop.
 24068 | Orc:2    | Bought a +4 amulet of reflection for 450 gold pieces
 24352 | Orc:1    | Found Esesasirgh's Distillery.
 24361 | Orc:1    | Bought a potion of might for 52 gold pieces
 24361 | Orc:1    | Bought a potion of heal wounds for 65 gold pieces
 24361 | Orc:1    | Bought a potion of curing for 39 gold pieces
 24708 | Orc:2    | Bought the ring of Zado Kou {Fire rN+ Str+4 Int+4} for 742 gold pieces
 24793 | Orc:2    | Bought a scroll of identify for 20 gold pieces
 24793 | Orc:2    | Bought a scroll of enchant weapon for 75 gold pieces
 24981 | D:13     | Found a labyrinth entrance.
 24986 | Lab      | Entered a labyrinth
 25080 | Lab      | Reached skill level 15 in Shields
 25293 | Lab      | Identified a +3 rod of ignition (14/14) (You found it in a labyrinth)
 25363 | Lab      | Identified Sif Muna's Handbook of Snow (You found it in a labyrinth)
 25435 | D:13     | Reached XP level 15. HP: 137/137 MP: 14/14
 25802 | D:13     | Found a bloodstained altar of Trog.
 25923 | D:13     | Found a shimmering altar of Xom.
 26889 | D:14     | Found a gate to the Vaults.
 27031 | D:15     | Entered Level 15 of the Dungeon
 27429 | D:15     | Found a staircase to the Depths.
 28658 | D:15     | Found Jipiruw's Gadget Boutique.
 29143 | Snake:1  | Entered Level 1 of the Snake Pit
 30298 | Snake:1  | Found Zangapur's Book Shop.
 30301 | Snake:1  | Reached skill level 15 in Fighting
 30955 | Snake:1  | Reached skill level 15 in Armour
 31222 | Snake:2  | Noticed Asterion
 31249 | Snake:1  | Killed Asterion
 31249 | Snake:1  | Reached XP level 16. HP: 84/149 MP: 15/15
 31613 | Snake:2  | Noticed Frances
 31639 | Snake:2  | Killed Frances
 31685 | Snake:2  | Found Jidurch's Book Shop.
 33336 | Snake:3  | Found Nejin's Antique Weapon Boutique.
 34574 | Snake:4  | Entered Level 4 of the Snake Pit
 34740 | Snake:4  | Reached XP level 17. HP: 157/158 MP: 10/16
 37363 | Snake:4  | Got a serpentine rune of Zot
 37621 | Swamp:1  | Entered Level 1 of the Swamp
 37656 | Swamp:1  | Reached XP level 18. HP: 164/169 MP: 17/17
 38099 | Swamp:1  | Noticed Roxanne
 38130 | Swamp:1  | Killed Roxanne
 38898 | Swamp:1  | Noticed Donald
 38917 | Swamp:1  | Killed Donald
 40324 | Swamp:3  | Noticed Aizul
 40349 | Swamp:3  | Killed Aizul
 40644 | Swamp:3  | Noticed a tentacled monstrosity
 40653 | Swamp:3  | Killed a tentacled monstrosity
 40836 | Swamp:4  | Entered Level 4 of the Swamp
 41751 | Swamp:4  | Got a decaying rune of Zot
 42517 | Vaults:1 | Entered Level 1 of the Vaults
 42602 | Vaults:1 | Noticed jesusflecha's ghost (adept MiFi)
 42652 | Vaults:1 | Killed jesusflecha's ghost
 42818 | Vaults:1 | Found Wipug's Jewellery Emporium.
 42826 | Vaults:1 | Bought a cursed ring of teleportation for 81 gold pieces
 43046 | Vaults:1 | Got a jewelled hand axe
 43047 | Vaults:1 | Identified the cursed +3 hand axe "Leppuph" {chop, Dex+6 Stlth+} (You found it on level 1 of the Vaults)
 43352 | Vaults:1 | Reached XP level 19. HP: 179/179 MP: 18/18
 44427 | Vaults:2 | Found a flickering gateway to a bazaar.
 44446 | Bazaar   | Entered a bazaar
 44459 | Bazaar   | Found Ihywoi's Antique Weapon Emporium.
 44459 | Bazaar   | Found Haerud Zoddu's Antique Weapon Emporium.
 44495 | Bazaar   | Found Satuotij's General Store.
 44495 | Bazaar   | Found Waegoss's Magic Scroll Shoppe.
 44501 | Bazaar   | Bought a scroll of magic mapping for 38 gold pieces
 44513 | Bazaar   | Bought a scroll of teleportation for 36 gold pieces
 44513 | Bazaar   | Bought a scroll of fog for 24 gold pieces
 44557 | Bazaar   | Bought a glowing hand crossbow for 80 gold pieces
 44612 | Bazaar   | Bought a scroll of identify for 24 gold pieces
 44612 | Bazaar   | Bought a scroll of identify for 24 gold pieces
 44612 | Bazaar   | Bought a scroll of identify for 24 gold pieces
 44733 | Vaults:2 | Found Kamiack's Weapon Shop.
 45598 | Vaults:2 | Found Koasiedi's Antique Armour Emporium.
 45748 | Vaults:2 | Found Latwed's Gadget Emporium.
 45748 | Vaults:2 | Found Zoybiosch's Jewellery Shoppe.
 48002 | Vaults:3 | Reached XP level 20. HP: 191/191 MP: 19/19
 48943 | Vaults:3 | Found a staircase to the Crypt.
 49013 | Vaults:3 | Found a radiant altar of Vehumet.
 49675 | Vaults:4 | Noticed a golden dragon
 50106 | Vaults:3 | Killed a golden dragon
 50507 | Vaults:4 | Found Qigako's Armour Shoppe.
 51933 | Vaults:5 | Entered Level 5 of the Vaults
 51951 | Vaults:5 | Reached XP level 21. HP: 190/201 MP: 13/20
 53594 | Vaults:5 | Reached XP level 22. HP: 164/213 MP: 13/21
 54464 | Vaults:5 | Found Sekat's General Store.
 54464 | Vaults:5 | Found Boxkal's Gadget Shoppe.
 54468 | Vaults:5 | Bought a potion of curing for 48 gold pieces
 54468 | Vaults:5 | Bought a potion of might for 64 gold pieces
 54568 | Vaults:5 | Got a crude tin ring
 54570 | Vaults:5 | Identified the ring of Law {rF+ MR+ Dex+4} (You found it on level 5 of the Vaults)
 54574 | Vaults:5 | Identified a scroll of acquirement
 54601 | Vaults:5 | Got a silver rune of Zot
 54911 | Vaults:5 | Found Kuwee's Antique Armour Shoppe.
 54915 | Vaults:5 | Bought a pair of runed gloves for 90 gold pieces
 54939 | Vaults:5 | Found Leuss's General Store.
 54943 | Vaults:5 | Bought 2 scrolls of magic mapping for 70 gold pieces
 54943 | Vaults:5 | Bought a scroll of teleportation for 30 gold pieces
 55151 | Vaults:4 | Bought a +0 pair of boots for 58 gold pieces
 55345 | Depths:1 | Entered Level 1 of the Depths
 55377 | Depths:1 | Noticed Jorgrun
 55390 | Depths:1 | Killed Jorgrun
 55577 | Depths:1 | Found a gateway to Hell.
 56471 | Depths:1 | Found a corrupted altar of Lugonu.
 56472 | Depths:1 | Found a one-way gate to the infinite horrors of the Abyss.
 56713 | Depths:2 | Found Atreuluu's Book Shoppe.
 56747 | Depths:2 | Found Zutoph's Food Boutique.
 56828 | Depths:2 | Reached skill level 27 in Shields
 56955 | Depths:2 | Identified a +1 pair of boots of running (You found it on level 2 of the Depths)
 57145 | Depths:2 | Identified a +2 rod of inaccuracy (9/9) (You found it on level 2 of the Depths)
 57451 | Depths:2 | Found Xif Tupa's Food Emporium.
 57472 | Depths:2 | Found Qory's Food Shop.
 57610 | Depths:2 | Found Hafaa's Jewellery Shop.
 58088 | Depths:3 | Reached XP level 23. HP: 222/223 MP: 22/22
 58403 | Depths:3 | Found a one-way gate leading to the halls of Pandemonium.
 59009 | Depths:3 | Found a bloodstained altar of Trog.
 59057 | Depths:3 | Noticed Xtahua
 59077 | Depths:3 | Killed Xtahua
 59287 | Depths:3 | Noticed the Enchantress
 59296 | Depths:3 | Killed the Enchantress
 59305 | Depths:3 | Got a faerie dragon armour
 59306 | Depths:3 | Identified the +2 faerie dragon armour {-Tele rElec rCorr MP+5 Dex+9} (You took it off the Enchantress on level 3 of the Depths)
 59390 | Depths:3 | Got a translucent cloak
 59401 | Depths:3 | Identified the cursed -1 cloak "Obushreg" {rN+ MR+ MP-9 Int+4} (You found it on level 3 of the Depths)
 60234 | Depths:4 | Noticed Saint Roka
 60251 | Depths:4 | Killed Saint Roka
 60542 | Depths:4 | Paralysed by a Zot trap for 5 turns
 61123 | Depths:4 | Found Vochos's Jewellery Boutique.
 61325 | Depths:4 | Noticed a caustic shrike
 61337 | Depths:4 | Killed a caustic shrike
 61375 | Depths:4 | Reached XP level 24. HP: 128/235 MP: 8/22
 62021 | Depths:5 | Entered Level 5 of the Depths
 62768 | Depths:5 | Found a gate to the Realm of Zot.
 63432 | Depths:5 | Found a gateway to a ziggurat.
 63707 | Hell     | Entered the Vestibule of Hell
 63707 | Hell     | Noticed Geryon
 63727 | Hell     | Noticed Murray
 63740 | Hell     | Killed Geryon
 64557 | Hell     | Killed Murray
 64926 | Hell     | Found a gateway to the freezing wastes of Cocytus.
 65105 | Hell     | Found a gateway to the decaying netherworld of Tartarus.
 65202 | Hell     | Found a gateway to the ashen valley of Gehenna.
 65260 | Hell     | Found a gateway to the Iron City of Dis.
 65876 | Slime:1  | Entered Level 1 of the Pits of Slime
 65891 | Slime:1  | Gained mutation: Your body sometimes deteriorates upon taking damage. [a shining eye]
 65892 | Slime:1  | Gained mutation: You are dopey. (Int -2) [a shining eye]
 66155 | Slime:4  | Gained mutation: You regenerate slowly when monsters are visible. [a shining eye]
 66196 | Slime:5  | Reached XP level 25. HP: 237/247 MP: 9/22
 66220 | Slime:6  | Entered Level 6 of the Pits of Slime
 66267 | Slime:6  | Gained mutation: Armour fits poorly on your strangely shaped body. [a shining eye]
 66270 | Slime:6  | Lost mutation: Armour fits poorly on your strangely shaped body. [a shining eye]
 66272 | Slime:6  | Gained mutation: Scrolls take you a little longer to read. [a shining eye]
 66275 | Slime:6  | Lost mutation: You possess an exceptional clarity of mind. [potion of cure mutation]
 66275 | Slime:6  | Lost mutation: Scrolls take you a little longer to read. [potion of cure mutation]
 66275 | Slime:6  | Lost mutation: Your body sometimes deteriorates upon taking damage. [potion of cure mutation]
 66546 | Slime:6  | Noticed the Royal Jelly
 67169 | Slime:6  | Killed the Royal Jelly
 67698 | Slime:6  | Got a sparkling amber ring
 67761 | Slime:6  | Got a brightly glowing steel ring
 67762 | Slime:6  | Identified the ring of the Doge {Wiz Dex+4} (You found it on level 6 of the Pits of Slime)
 67764 | Slime:6  | Identified the ring "Xodot" {rF+++ Int+2 Slay-4 SInv} (You found it on level 6 of the Pits of Slime)
 67770 | Slime:6  | Reached skill level 5 in Unarmed Combat
 67787 | Slime:6  | Identified Sif Muna's Incunabulum of Necromancy and Clay
 67879 | Slime:6  | Got a slimy rune of Zot
 68666 | Crypt:1  | Entered Level 1 of the Crypt
 69132 | Crypt:1  | Identified the Tome of the Lucky Entourage
 69333 | Crypt:1  | Identified Sesoecett's Almanac of Stolen Souls
 69359 | Crypt:1  | Noticed Frederick
 69372 | Crypt:1  | Killed Frederick
 69399 | Crypt:1  | Noticed Sojobo
 69436 | Crypt:1  | Killed Sojobo
 71427 | Crypt:3  | Entered Level 3 of the Crypt
 72365 | Crypt:3  | Noticed an ancient lich
 72381 | Crypt:3  | Killed an ancient lich
 72388 | Crypt:3  | Identified the Handbook of Creative Transmigration
 72418 | Crypt:3  | Identified Moataivi's Grimoire of Creation and Snow
 72685 | Crypt:3  | Found a staircase to the Tomb.
 72811 | Tomb:1   | Entered Level 1 of the Tomb of the Ancients
 73274 | Tomb:1   | Noticed a greater mummy
 73301 | Tomb:1   | Killed a greater mummy
 73715 | Tomb:1   | Noticed a greater mummy
 73749 | Tomb:1   | Killed a greater mummy
 74239 | Tomb:2   | Noticed a greater mummy
 74247 | Tomb:2   | Noticed a greater mummy
 74247 | Tomb:2   | Noticed a greater mummy
 74328 | Tomb:2   | Noticed a greater mummy
 74336 | Tomb:1   | Killed a greater mummy
 74922 | Tomb:1   | Killed a greater mummy
 75733 | Tomb:1   | Killed a greater mummy
 76095 | Tomb:1   | Killed a greater mummy
 76095 | Tomb:1   | Reached skill level 15 in Crossbows
 77171 | Tomb:1   | Noticed a greater mummy
 77171 | Tomb:1   | Noticed a greater mummy
 77173 | Tomb:1   | Noticed a greater mummy
 77175 | Tomb:1   | Noticed a greater mummy
 77183 | Tomb:2   | Killed a greater mummy
 77195 | Tomb:2   | Killed a greater mummy
 77232 | Tomb:1   | Noticed a greater mummy
 77234 | Tomb:1   | Noticed a greater mummy
 77261 | Tomb:1   | Killed a greater mummy
 77622 | Tomb:1   | Noticed a greater mummy
 77632 | Tomb:2   | Killed a greater mummy
 78036 | Tomb:2   | Killed a greater mummy
 78129 | Tomb:2   | Killed a greater mummy
 78152 | Tomb:2   | Killed a greater mummy
 78534 | Tomb:1   | Noticed a greater mummy
 78904 | Tomb:2   | Killed a greater mummy
 78958 | Tomb:1   | Noticed a greater mummy
 78977 | Tomb:1   | Killed a greater mummy
 79182 | Tomb:1   | Noticed a greater mummy
 79212 | Tomb:1   | Killed a greater mummy
 79679 | Tomb:1   | Noticed a greater mummy
 79702 | Tomb:1   | Killed a greater mummy
 79702 | Tomb:1   | Reached skill level 27 in Armour
 79743 | Tomb:1   | Noticed a greater mummy
 79754 | Tomb:1   | Killed a greater mummy
 79828 | Tomb:1   | Noticed a greater mummy
 79856 | Tomb:1   | Killed a greater mummy
 79856 | Tomb:1   | Reached skill level 27 in Fighting
 79914 | Tomb:1   | Noticed a greater mummy
 79940 | Tomb:1   | Noticed a greater mummy
 79941 | Tomb:1   | Killed a greater mummy
 80018 | Tomb:1   | Killed a greater mummy
 80443 | Tomb:1   | Noticed a greater mummy
 80459 | Tomb:1   | Killed a greater mummy
 80503 | Tomb:1   | Noticed a greater mummy
 80600 | Tomb:1   | Killed a greater mummy
 80884 | Tomb:1   | Noticed a greater mummy
 80952 | Tomb:1   | Killed a greater mummy
 81793 | Tomb:3   | Entered Level 3 of the Tomb of the Ancients
 81808 | Tomb:3   | Noticed a greater mummy
 81814 | Tomb:3   | Noticed an ancient lich
 81815 | Tomb:3   | Noticed a greater mummy
 82377 | Tomb:2   | Killed an ancient lich
 82639 | Tomb:2   | Killed a greater mummy
 82798 | Tomb:3   | Noticed a greater mummy
 83299 | Tomb:2   | Killed a greater mummy
 83580 | Tomb:2   | Killed a greater mummy
 84031 | Tomb:3   | Noticed a greater mummy
 84425 | Tomb:3   | Noticed a greater mummy
 84433 | Tomb:2   | Killed a greater mummy
 84476 | Tomb:3   | Noticed a greater mummy
 84495 | Tomb:2   | Killed a greater mummy
 84697 | Tomb:2   | Killed a greater mummy
 84886 | Tomb:3   | Noticed a greater mummy
 84909 | Tomb:3   | Noticed a greater mummy
 85047 | Tomb:2   | Killed a greater mummy
 85276 | Tomb:2   | Killed a greater mummy
 86000 | Tomb:3   | Got a golden rune of Zot
 86129 | Tomb:3   | Identified a +3 rod of shadows (9/9) (You found it on level 3 of the Tomb of the Ancients)
 86198 | Tomb:3   | Got a translucent ivory ring
 86199 | Tomb:3   | Identified the ring "Kucah" {EV+4 Dex+4} (You found it on level 3 of the Tomb of the Ancients)
 86349 | Tomb:3   | Got a fine amber ring
 86350 | Tomb:3   | Identified the ring of Law {MP+9 Int+4} (You found it on level 3 of the Tomb of the Ancients)
 86357 | Tomb:3   | Identified the Reference Book on the Blistering Rocks
 87456 | Elf:1    | Entered Level 1 of the Elven Halls
 87590 | Elf:1    | Identified the Volume of Calling (You found it on level 1 of the Elven Halls)
 88450 | Elf:2    | Found a flickering gateway to a bazaar.
 88476 | Bazaar   | Entered a bazaar
 88483 | Bazaar   | Found Tiutawny's Weapon Shop.
 88497 | Bazaar   | Found Diwuxt's Food Boutique.
 88524 | Bazaar   | Found Gadezoz's Food Boutique.
 88538 | Bazaar   | Found Reovap's Assorted Antiques.
 88546 | Bazaar   | Bought a potion of curing for 60 gold pieces
 88546 | Bazaar   | Bought a long wooden wand for 80 gold pieces
 88546 | Bazaar   | Bought a potion of curing for 60 gold pieces
 88553 | Bazaar   | Found Mewosouf's Food Boutique.
 88894 | Elf:2    | Found a runed gate.
 88894 | Elf:2    | Found a runed gate.
 88942 | Elf:2    | Found a runed gate.
 89618 | Elf:3    | Entered Level 3 of the Elven Halls
 90645 | Elf:3    | Got a brightly glowing lead ring
 90646 | Elf:3    | Identified the ring of Giaghoc {Wiz rN+ MR- Int+5} (You took it off a deep elf sorcerer on level 3 of the Elven Halls)
 90763 | Elf:3    | Got a pair of heavily runed boots
 90774 | Elf:3    | Identified the +2 pair of boots "Ulakes" {rF- Regen+ Str+2 Stlth+} (You found it on level 3 of the Elven Halls)
 91117 | Depths:1 | Voluntarily entered the Abyss.
 91198 | Abyss:2  | Gained mutation: You are frail (-10% HP). [a neqoxec]
 91943 | Depths:1 | Escaped the Abyss
 92519 | Depths:1 | Voluntarily entered the Abyss.
 92519 | Abyss:1  | Found a corrupted altar of Lugonu.
 92578 | Abyss:1  | Got a slimy lead ring
 92579 | Abyss:1  | Identified the ring "Fataskoata" {Fragile rF+ rC+ EV+2 Str+9} (You found it on level 1 of the Abyss)
 93352 | Abyss:3  | Reached skill level 27 in Axes
 93504 | Abyss:3  | Got an abyssal rune of Zot
 93577 | Depths:1 | Escaped the Abyss
 93690 | Geh:1    | Entered Level 1 of Gehenna
 94818 | Zot:1    | Entered Level 1 of the Realm of Zot
 94915 | Depths:5 | Killed from afar by a black draconian

Skill      XL: |  1  2  3  4  5  6  7  8  9 10 11 12 13 14 15 16 17 18 19 20 21 22 23 24 25 |
---------------+----------------------------------------------------------------------------+-----
Armour         | 4 5 6 7 8 9 11 12 14 15 16 17 18 19 20 21 23 24 27 | 27.0
Shields        | 4 5 6 7 8 9 11 12 13 15 16 18 19 21 23 24 26 27 | 27.0
Axes           | 3 4 5 6 7 9 14 15 16 17 18 19 20 21 27 | 27.0
Fighting       | 4 5 6 7 8 9 11 12 13 15 16 17 18 19 20 21 22 23 24 27 | 27.0
Crossbows      | 5 8 10 11 13 22 | 22.4
Unarmed Combat | 5 |  5.3

Action                   |  1- 3 |  4- 6 |  7- 9 | 10-12 | 13-15 | 16-18 | 19-21 | 22-24 | 25-27 || total
-------------------------+-------+-------+-------+-------+-------+-------+-------+-------+-------++-------
Melee: War axe           |    76 |   123 |   378 |   888 |  1500 |   444 |       |       |       ||  3409
       Headbutt          |    13 |    21 |    75 |   204 |   465 |   477 |   294 |   594 |   941 ||  3084
       Morningstar       |       |       |       |    22 |    24 |       |       |       |       ||    46
       Broad axe         |       |       |       |       |       |  1189 |   987 |  1728 |  2736 ||  6640
       Hand crossbow     |       |       |       |       |       |       |       |     1 |       ||     1
 Fire: Hand crossbow     |       |       |       |     1 |    30 |    39 |    43 |    84 |   246 ||   443
Throw: Javelin           |       |       |       |     2 |     3 |       |       |       |       ||     5
Invok: Sacrifice Arcana  |       |       |     1 |       |       |       |       |       |       ||     1
       Sacrifice Experie |       |       |     1 |       |       |       |       |       |       ||     1
       Sacrifice Nimblen |       |       |       |     1 |       |       |       |       |       ||     1
       Sacrifice Health  |       |       |       |     1 |     1 |       |       |       |       ||     2
       Sacrifice Purity  |       |       |       |     1 |       |       |       |       |       ||     1
       Sacrifice Love    |       |       |       |     1 |       |       |       |       |       ||     1
       Reject Sacrifices |       |       |       |       |     1 |       |       |       |       ||     1
       Draw Out Power    |       |       |       |       |     1 |       |       |       |       ||     1
       Power Leap        |       |       |       |       |     3 |     8 |     2 |     6 |    19 ||    38
       Apocalypse        |       |       |       |       |       |       |     6 |     2 |     3 ||    11
Evoke: Wand              |       |       |       |       |       |       |       |       |     6 ||     6
       Deck              |       |       |       |       |       |       |       |       |     2 ||     2
  Use: Scroll            |     4 |     6 |    12 |    10 |    12 |    12 |    12 |     9 |    25 ||   102
       Potion            |     1 |       |       |     4 |     3 |     4 |     8 |     3 |    15 ||    38
 Stab: Invisible         |       |       |       |    11 |    22 |    29 |    14 |    28 |    17 ||   121
       Distracted        |       |       |       |     6 |    14 |    13 |     6 |    13 |    25 ||    77
       Paralysed         |       |       |       |       |    17 |    19 |    19 |     5 |    12 ||    72
       Petrifying        |       |       |       |       |       |     2 |       |       |       ||     2
       Confused          |       |       |       |       |       |       |       |       |     1 ||     1
  Eat: Chunk             |     1 |     4 |    14 |    33 |    45 |    17 |    22 |    30 |    24 ||   190
       Royal jelly       |       |       |       |       |     1 |     2 |       |     1 |     1 ||     5
       Meat ration       |       |       |       |       |       |     5 |     2 |     2 |    11 ||    20
       Bread ration      |       |       |       |       |       |     1 |       |       |       ||     1
       Pizza             |       |       |       |       |       |       |       |       |     8 ||     8
Armor: Scale mail        |    22 |       |       |       |       |       |       |       |       ||    22
       Plate armour      |    14 |   112 |    76 |   266 |   329 |       |   115 |       |       ||   912
       Chain mail        |       |       |    78 |    44 |    13 |   344 |    17 |       |       ||   496
       Gold dragon armou |       |       |       |       |       |       |   138 |   446 |   795 ||  1379
Dodge: Dodged            |    25 |    33 |    65 |    94 |    60 |    89 |    60 |    75 |   147 ||   648
Block: Shield            |    57 |    91 |   180 |   202 |       |       |       |       |       ||   530
       Large shield      |       |       |       |   369 |  1083 |  1400 |   889 |  1418 |  2466 ||  7625
       Reflection        |       |       |       |       |    44 |   175 |   114 |    60 |    70 ||   463
